 Dungeon Crawl Stone Soup version 0.32-a0-913-g739538afd8 (webtiles) character file.

Game seed: 12059792898077404575

1558 jasper the Cleaver (level 8, -6/58 HPs)
             Began as a Demonspawn Berserker on Apr 9, 2024.
             Was a Believer of Trog.
             Mangled by a yak (8 damage)
             ... on level 6 of the Dungeon.
             The game lasted 00:05:21 (4175 turns).

jasper the Cleaver (Demonspawn Berserker)           Turns: 4175, Time: 00:05:22

Health: -6/58      AC: 11    Str: 20    XL:     8   Next: 58%
Magic:  8/8        EV:  7    Int:  7    God:    Trog [**....]
Gold:   226        SH:  0    Dex: 13    Spells: 7/7 levels left

rFire   . . .        a - +1 hand axe
rCold   + . .        (no shield)
rNeg    . . .        l - +0 chain mail
rPois   .            (no helmet)
rElec   .            (no cloak)
rCorr   .            (no gloves)
SInv    .            f - +0 pair of boots
Will    +....        (no amulet) Stlth
                     n - ring of protection from cold
HPRegen 0.29/turn    m - ring of willpower
MPRegen 0.11/turn

%: no passive effects
@: mighty, on berserk cooldown, slowed, wreathed by umbra, very slow
A: claws 1, slimy green scales 1, powered by pain 1, foul shadow 1
a: Renounce Religion, Berserk, Trog's Hand


You were on level 6 of the Dungeon.
You worshipped Trog.
Trog was pleased with you.
You visited 1 branch of the dungeon, and saw 6 of its levels.

You collected 226 gold pieces.

Inventory:

Hand Weapons
 a - a +1 hand axe (weapon)
 e - a +0 flail
 s - the +7 trident "Kysathro" {antimagic, Will++ Int+4}
   (You found it on level 5 of the Dungeon)

   Int+4:     It affects your intelligence (+4).
   Will++:    It greatly increases your willpower.
Missiles
 c - 6 poisoned darts (quivered)
 d - 56 stones
 o - a throwing net
Armour
 b - a +0 animal skin
 f - a +0 pair of boots (worn)
 h - a +0 leather armour
 l - a +0 chain mail (worn)
Jewellery
 m - a ring of willpower (right claw)
 n - a ring of protection from cold (left claw)
Scrolls
 i - a scroll of identify
 j - a scroll of revelation
 r - a scroll of blinking {unknown}
Potions
 g - a potion of enlightenment
 k - a potion of attraction
 p - a potion of mutation
 q - a potion of ambrosia {unknown}


   Skills:
 - Level 3.0 Fighting
 + Level 10.3 Axes
 - Level 1.7 Armour
 - Level 1.7 Dodging


You had 7 spell levels left.
You didn't know any spells.
Your spell library was empty.

Dungeon Overview and Level Annotations

Branches:
Dungeon (6/15)
 Temple: D:4-7

Altars:
Fedhas
Nemelex Xobeh
Okawaru
Ru
Vehumet
Wu Jian


Innate Abilities, Weirdness & Mutations

You have sharp fingernails.
You are partially covered in slimy green scales. (AC +2)
You sometimes gain a little power by taking damage.
You are faintly shadowed, very rarely releasing foul flame when damaged in melee.


Message History

You take 9 damage, and have 44/87 hp.
You slash the orc warrior!
You kill the orc warrior!
Trog accepts your kill.
You slash the yak! You hit the yak.
The yak is heavily wounded.
An orc comes into view. It is wielding a +0 short sword.
The yak gores you!
You focus on the pain.
You feel mightier all of a sudden.
You take 11 damage, and have 33/87 hp.
You barely miss the yak.
The yak is heavily wounded.
You slash the orc!
You kill the orc!
Trog accepts your kill.
You are no longer berserk.
You are exhausted.
You feel yourself slow down. The yak gores you but does no damage.
Things that are here:
a +0 short sword; a +0 flail; a +0 plate armour You now have 22/58 hp.
You hit the yak.
The yak is severely wounded.
The yak gores you.
You take 3 damage, and have 19/58 hp.
You barely miss the yak.
The yak is heavily wounded.
You hit the orc. The orc hits you but does no damage. The yak gores you!
* * * LOW HITPOINT WARNING * * *
You take 10 damage, and have 9/58 hp.
You slash the yak!
The yak is almost dead.
You slash the orc!
You kill the orc!
Trog accepts your kill. The yak gores you!
* * * LOW HITPOINT WARNING * * *
The yak gores you!
You die...

#..........#
#..........
#........#
##........##
#..........#
#..[...<...#
#..........#
#.......†..#
#.......Y@.#
##.......)##
##........
#########.
##


You could see a yak.

Vanquished Creatures
  Grinder (D:3)
  3 yaks (D:6)
  2 ice beasts (D:5)
  An orc warrior (D:6)
  An ogre (D:4)
  2 scorpions (D:4)
  2 jellies (D:4)
  2 orc priests
  3 bombardier beetles
  2 iguanas
  Terence (D:3)
  4 gnolls (D:2)
  4 adders
  A shadow imp (D:5)
  A dart slug (D:1)
  5 ribbon worms
  7 orcs
  4 ball pythons
  6 bats
  5 endoplasms
  5 giant cockroaches
  5 goblins
  2 hobgoblins
  6 jackals
  6 kobolds
  4 quokkas
  2 frilled lizards
  5 rats
92 creatures vanquished.

Notes
Turn   | Place    | Note
-------+----------+-------------------------------------------
     0 | D:1      | jasper the Demonspawn Berserker began the quest for the
                  | Orb.
     0 | D:1      | Reached XP level 1. HP: 18/18 MP: 1/1
    81 | D:1      | Reached skill level 3 in Axes
   197 | D:1      | Gained mutation: You are partially covered in slimy green
                  | scales. (AC +2) [demonic ancestry]
   197 | D:1      | Reached XP level 2. HP: 16/24 MP: 2/2
   905 | D:2      | Gained mutation: You are faintly shadowed, very rarely
                  | releasing foul flame when damaged in melee. [demonic
                  | ancestry]
   905 | D:2      | Reached XP level 3. HP: 24/29 MP: 3/3
   909 | D:2      | Reached skill level 4 in Axes
  1016 | D:2      | Found an ornate altar of the Wu Jian Council.
  1040 | D:2      | Reached XP level 4. HP: 35/35 MP: 4/4
  1225 | D:2      | Reached ** piety under Trog
  1429 | D:2      | Found a faded altar of an unknown god.
  1691 | D:3      | Noticed Terence
  1714 | D:3      | Reached skill level 5 in Axes
  1720 | D:3      | Killed Terence
  1721 | D:3      | Reached XP level 5. HP: 22/41 MP: 5/5
  2103 | D:3      | Noticed Grinder
  2118 | D:3      | Killed Grinder
  2119 | D:3      | Reached skill level 6 in Axes
  2119 | D:3      | Gained mutation: You have sharp fingernails. [demonic
                  | ancestry]
  2119 | D:3      | Reached XP level 6. HP: 47/47 MP: 6/6
  2246 | D:3      | Found a blossoming altar of Fedhas.
  2253 | D:3      | You fall into a shaft and drop 1 floor!
  2364 | D:4      | Reached skill level 7 in Axes
  2770 | D:4      | Found a sacrificial altar of Ru.
  2787 | D:4      | Gained mutation: You sometimes gain a little power by
                  | taking damage. [demonic ancestry]
  2787 | D:4      | Reached XP level 7. HP: 48/52 MP: 7/7
  2826 | D:4      | Reached skill level 8 in Axes
  3225 | D:5      | Entered Level 5 of the Dungeon
  3346 | D:5      | Found a radiant altar of Vehumet.
  3624 | D:5      | Identified the +7 trident "Kysathro" {antimagic, Will++
                  | Int+4}
  3869 | D:5      | Found an iron altar of Okawaru.
  3879 | D:5      | Reached skill level 9 in Axes
  3879 | D:5      | Reached XP level 8. HP: 58/58 MP: 8/8
  3947 | D:5      | Found a sparkling altar of Nemelex Xobeh.
  4161 | D:6      | Reached skill level 10 in Axes
  4175 | D:6      | HP: 2/58 [yak (7)]
  4175 | D:6      | Mangled by a yak

Illustrated notes

Levels and vault maps discovered:
D:1:      hellmonk_arrival_library, layout_basic, glass_columns_a
D:2:      layout_rooms, basic_altar, ebering_ecumenical_altar_abandoned
D:3:      layout_loops_ring, lemuel_coloured_pillars_altar, lemuel_doored_altar,
          uniq_terence, uniq_grinder
D:4:      layout_cave_pools, mainiacjoe_overflow_chevrons
D:5:      layout_basic, nemelex_altar_shiori, okawaru_trees_2,
          nicolae_vehumet_altar_sigil
D:6:      layout_rooms, minmay_temple_entry_wispy

Skill      XL: |  1  2  3  4  5  6  7  8 |
---------------+-------------------------+-----
Axes           | 3 4 5 6 7 9 10 | 10.3
Fighting       | |  3.0
Armour         | |  1.7
Dodging        | |  1.7

Action                     |  1- 3 |  4- 6 |  7- 9 || total
---------------------------+-------+-------+-------++-------
  Melee: Hand axe          |    80 |   156 |   126 ||   362
  Throw: Dart              |     2 |       |     6 ||     8
         Throwing net      |       |       |     1 ||     1
 Invoke: Berserk           |     1 |     3 |     3 ||     7
         Trog's Hand       |       |     2 |       ||     2
    Use: Scroll            |     3 |     5 |       ||     8
         Potion            |     1 |       |     1 ||     2
   Stab: Sleeping          |     1 |       |       ||     1
 Armour: Animal skin       |    70 |    14 |       ||    84
         Leather armour    |       |    35 |       ||    35
         Chain mail        |       |    47 |    79 ||   126
  Dodge: Dodged            |    63 |    86 |    44 ||   193

Table legend: (Time is in decaauts)
 A = Elapsed time spent in this place.
 B = Non-inter-level travel time spent in this place.
 C = Inter-level travel time spent in this place.
 D = Time resting spent in this place.
 E = Time spent auto-exploring this place.
 F = Levels seen in this place.
 G = Mean time per level.
                   A        B        C        D        E       F      G
               +--------+--------+--------+--------+--------+-----+--------+
         Total |   4218 |   4039 |    179 |    294 |   2901 |   6 |  703.0 |
       Dungeon |   4218 |   4039 |    179 |    294 |   2901 |   6 |  703.0 |
               +--------+--------+--------+--------+--------+-----+--------+

Top non-repeatable levels by time:
     D:3: 980 daAuts
     D:5: 919 daAuts
     D:1: 899 daAuts
     D:4: 719 daAuts
     D:2: 683 daAuts
     D:6: 16 daAuts
